cohdb
Replays
Latest Replays
All Replays
Popular Replays
Top Player Replays
Match Explorer
How It Works
Community
CoH3 Stats
Reddit
Sign in to upload your games and track your stats! →
Sign in with Steam
Match 42330693
Unlisted
Match 42330693
Overview
Messages
Build Orders
End
Panzergrenadier Squad
Selects Battlefield Espionage Battlegroup
Panzergrenadier Squad
Panzergrenadier Squad
Construct Light Support Kompanie
2.5-tonne Medical Truck
Selects Intel Disruption Beacon
Construct Mechanized Kompanie
Combat Half-tracks
Advanced Field Repairs
2.5-tonne Medical Truck
MG34 Team
Marder III Tank Destroyer
Selects Plunder
Selects 250/3 Funkpanzerwagen
Tungsten Core Ammunition
Panzerpioneer Squad
Green Man
christus99
senator_1996
blambarino
mp5
Dawes
go4victory
董
0
0
Comments
sign in to comment!
No comments posted yet!